 Dungeon Crawl Stone Soup version 0.29.1-13-g9f3cf754e1 (webtiles) character file.

Game seed: 12421092865899236777

95 Thatpatchoflichen the Trooper (level 4, -4/52 HPs)
             Began as an Ogre Monk on Feb 10, 2023.
             Slain by Crazy Yiuf
             ... wielding a +4 quarterstaff of chaos
              (6 damage)
             ... on level 3 of the Dungeon.
             The game lasted 00:06:25 (3425 turns).

Thatpatchoflichen the Trooper (Ogre Monk)           Turns: 3425, Time: 00:06:26

Health: -4/52      AC:  3    Str: 17    XL:     4   Next: 65%
Magic:  4/4        EV: 10    Int: 11    God:
Gold:   146        SH:  0    Dex: 11    Spells: 3/3 levels left

rFire   . . .      SeeInvis .   a - +0 mace
rCold   . . .      Faith    .   (no shield)
rNeg    . . .      Spirit   .   b - +0 robe
rPois   .          Reflect  .   (helmet restricted)
rElec   .          Harm     .   (no cloak)
rCorr   .          Rampage  .   (gloves unavailable)
Will    .....                   (boots unavailable)
Stlth   +.........              (no amulet)
HPRegen 0.17/turn               (no ring)
MPRegen 0.09/turn               (no ring)

@: confused, mighty
A: large, unfitting armour, tough skin 1
a: no special abilities


You were on level 3 of the Dungeon.
You visited 1 branch of the dungeon, and saw 3 of its levels.

You collected 146 gold pieces.

Inventory:

Hand Weapons
 a - a +0 mace (weapon)
Armour
 b - a +0 robe (worn)
Scrolls
 e - 2 scrolls of blinking {unknown}
 f - a scroll of silence {unknown}
 g - a scroll of fear {unknown}
 h - a scroll of identify {unknown}
 j - a scroll of immolation {unknown}
 k - a scroll of brand weapon {unknown}
 n - a scroll of enchant weapon {unknown}
Potions
 c - a potion of ambrosia
 d - a potion of curing {unknown}
 i - 2 potions of flight {unknown}
 l - a potion of berserk rage {unknown}
 m - 2 potions of brilliance {unknown}


   Skills:
 - Level 6.0 Fighting
 + Level 3.6 Maces & Flails
 - Level 2.6 Dodging
 - Level 1.4 Stealth


You had 3 spell levels left.
You didn't know any spells.
Your spell library contained the following spells:

 Spells                   Type           Power      Damage    Failure   Level
 Sandblast                Erth           0%         2d4       34%         1
 Passwall                 Tmut/Erth      0%         N/A       47%         2
 Stone Arrow              Conj/Erth      0%         3d7       71%         3


Dungeon Overview and Level Annotations

Branches:
Dungeon (3/15)

Altars:

Annotations:
D:3 Crazy Yiuf


Innate Abilities, Weirdness & Mutations

You are too large for most types of armour.
You have tough skin. (AC +1)


Message History

Found an escape hatch in the floor.
You now have 146 gold pieces (gained 9).
You open the door.
There is an open door here.
You open the door.
There is an open door here.
You open the door.
There is an open door here.
Found a stone.
You see here a stone.
There is a stone staircase leading up here.
You open the door.
Found a hammer.
Found a runed translucent door.
Crazy Yiuf shouts!
Crazy Yiuf says, "Ten sanguine hand!"
There is a shaft here.
You open the door. You open the door.
Crazy Yiuf shouts!
Crazy Yiuf says, "Sif Muna dark snockshim!"
You open the door.
Crazy Yiuf grits, "Whiteboard sizzlefizz ena!"
You barely miss Crazy Yiuf. Crazy Yiuf closely misses you.
You hit Crazy Yiuf but do no damage.
Crazy Yiuf hits you with a +4 quarterstaff of chaos!
You suddenly lose the ability to move!
Crazy Yiuf grits, "Paint head disdain!"
Crazy Yiuf hits you with a +4 quarterstaff of chaos!
You are confused.
Crazy Yiuf hits you with a +4 quarterstaff of chaos!
You feel very mighty all of a sudden.
Crazy Yiuf hits you with a +4 quarterstaff of chaos!
* * * LOW HITPOINT WARNING * * *
You resist with some effort.
You can move again.
You bump into the stone wall.
Crazy Yiuf hits you with a +4 quarterstaff of chaos!
* * * LOW HITPOINT WARNING * * *
Crazy Yiuf freezes you.
You die...

#.#.###.# #.#
###.#.....###'############
....########.............#
.........# ###############
...####### ...#######
♣♣♣♣♣########## .........# ###
♣♣♣.♣...#'....... .........#
#...#♣..♣.......###### ...#######
#...g@♣♣♣♣.^....###### #### #..#
#)..#♣♣ ♣♣..#..#..... #.## ###
♣♣##..#.###. ####..# #..#.#...
#.....# #..#.#...
####.....################..#.#..#
...'............##'#'#.....#.....
####...)........##.#.#..#.##...##
####............##.#.#..#.##'###.


You could see Crazy Yiuf.

Vanquished Creatures
  2 adders (D:3)
  2 worms
  A dart slug (D:1)
  A ball python (D:1)
  7 bats
  5 endoplasms
  2 giant cockroaches
  11 goblins
  4 hobgoblins
  7 jackals
  4 quokkas
  4 frilled lizards
  6 kobolds
  3 rats
59 creatures vanquished.

Notes
Turn   | Place    | Note
-------+----------+-------------------------------------------
     0 | D:1      | Thatpatchoflichen the Ogre Monk began the quest for the
                  | Orb.
     0 | D:1      | Reached XP level 1. HP: 24/24 MP: 1/1
   392 | D:1      | Reached XP level 2. HP: 18/33 MP: 2/2
   538 | D:1      | Reached skill level 5 in Fighting
  1088 | D:1      | Reached XP level 3. HP: 37/42 MP: 3/3
  1380 | D:2      | Found a faded altar of an unknown god.
  1596 | D:2      | Reached skill level 6 in Fighting
  2184 | D:3      | Reached XP level 4. HP: 29/52 MP: 4/4
  3341 | D:3      | Found a runed translucent door.
  3342 | D:3      | Noticed Crazy Yiuf
  3421 | D:3      | Paralysed by Crazy Yiuf for 4 turns
  3425 | D:3      | HP: 2/52 [Crazy Yiuf/+4 quarterstaff of chaos (12)]
  3425 | D:3      | Slain by Crazy Yiuf

Illustrated notes

Levels and vault maps discovered:
D:1:      erik_arrival_triangle_medium, layout_basic
D:2:      layout_basic, nicolae_ecumenical_oubliette, grunt_ministairs_6
D:3:      kennysheep_big_flooded_room, layout_basic, roderic_nine_men_s_morris,
          minmay_misc_feat_columns, uniq_crazy_yiuf_cottage

Skill      XL: |  1  2  3 |
---------------+----------+-----
Fighting       | 5 6 |  6.0
Maces & Flails | 3 |  3.6
Dodging        | |  2.6
Stealth        | |  1.4

Action                   |  1- 3 |  4- 6 || total
-------------------------+-------+-------++-------
Melee: Mace              |   132 |    72 ||   204
       Punch             |     2 |     1 ||     3
 Stab: Sleeping          |       |     2 ||     2
Armor: Robe              |    63 |    34 ||    97
Dodge: Dodged            |   120 |    59 ||   179
